 Dungeon Crawl Stone Soup version 0.30-a0-950-gbf40cfac39 (webtiles) character file.

Game seed: 2802319658333107721

35 112233 the Grave Robber (level 3, 0/24 HPs)
             Began as a Demonspawn Necromancer on Mar 28, 2023.
             Was a Follower of Vehumet.
             Slain by a gnoll
             ... wielding a +0 flail
              (5 damage)
             ... on level 2 of the Dungeon.
             The game lasted 00:01:05 (1429 turns).

112233 the Grave Robber (Demonspawn Necromancer)    Turns: 1429, Time: 00:01:06

Health: 0/24       AC:  2    Str:  8    XL:     3   Next: 16%
Magic:  5/7        EV:  6    Int: 18    God:    Vehumet [*.....]
Gold:   73         SH:  0    Dex: 13    Spells: 7/8 levels left

rFire   . . .      SeeInvis .    c - +0 quarterstaff
rCold   . . .      Faith    .    (shield currently unavailable)
rNeg    . . .      Spirit   .    a - +0 robe
rPois   .          Reflect  .    (no helmet)
rElec   .          Rampage  .    (no cloak)
rCorr   .                        (no gloves)
Will    .....                    (no boots)
Stlth   ++                       (no amulet)
HPRegen 0.24/turn                (no ring)
MPRegen 0.10/turn                (no ring)

@: held
A: hooves 1, condensation shield
a: Renounce Religion


You were on level 2 of the Dungeon.
You worshipped Vehumet.
Vehumet was aware of your devotion.
You visited 1 branch of the dungeon, and saw 2 of its levels.

You collected 73 gold pieces.

Inventory:

Hand Weapons
 c - a +0 quarterstaff (weapon)
Armour
 a - a +0 robe (worn)
 i - a +1 cloak
Scrolls
 f - a scroll of enchant armour
Potions
 b - 2 potions of magic
 e - 2 potions of haste
 g - a potion of flight {unknown}
 j - 2 potions of degeneration {unknown}


   Skills:
 - Level 2.0 Dodging
 - Level 2.0 Stealth
 + Level 3.0 Spellcasting
 - Level 4.5 Necromancy


You had 7 spell levels left.
You knew the following spells:

 Your Spells              Type           Power      Damage    Failure   Level
a - Necrotise             Necr           76%        1d7       2%          1

Your spell library contained the following spells:

 Spells                   Type           Power      Damage    Failure   Level
 Magic Dart               Conj           8%         1d3       16%         1
 Vampiric Draining        Necr           19%        2d7       8%          3
 Apportation              Tloc           4%         N/A       16%         1
 Summon Small Mammal      Summ           8%         N/A       16%         1
 Animate Dead             Necr           19%        N/A       26%         4
 Agony                    Necr           19%        N/A       56%         5
 Yara's Violent Unravell  Hex/Tmut       1%         3d3       99%         5
 Enfeeble                 Hex            1%         N/A       100%        7


Dungeon Overview and Level Annotations

Branches:
Dungeon (2/15)

Altars:
Vehumet


Innate Abilities, Weirdness & Mutations

You have large cloven feet.
A meltable shield of frost defends you. (SH +4)


Message History

A kobold comes into view. It is wielding a +0 club.
The kobold shouts!
The gnoll shouts!
There are monsters nearby!
Casting: Necrotise (safe; 2% risk of failure)
Confirm with . or Enter, or press ? or * to list all spells.
Aiming: Necrotise (safe; 2% risk of failure)
Press: ? - help, Shift-Dir - straight line, f - gnoll
Aim: a gnoll, wielding a +0 whip (chance to affect: 84%)
The gnoll writhes in agony.
You block the gnoll's attack. The hobgoblin misses you.
Unknown command.
The hobgoblin attacks as you move away! The hobgoblin barely misses you.
The gnoll throws a throwing net.
The throwing net hits you.
You become entangled in the net!
You see here a throwing net.
You tear a large gash into the net.
The hobgoblin hits you but does no damage.
Casting: Necrotise (safe; 2% risk of failure)
Confirm with . or Enter, or press ? or * to list all spells.
Aiming: Necrotise (safe; 2% risk of failure)
Press: ? - help, Shift-Dir - straight line, f/p - gnoll
Aim: a gnoll, wielding a +0 whip (heavily wounded, chance to affect: 84%)
The hobgoblin writhes in agony.
The hobgoblin barely misses you. The gnoll hits you with a +0 flail!
Unknown command.
Okay, then.
As you read the scroll labelled JAASHR OLUNTO, it crumbles to dust.
It is a scroll of enchant armour.
Your +0 cloak glows green for a moment.
The gnoll hits you with a +0 flail!
The hobgoblin hits you but does no damage.
The air fills with toxic fumes!
As you read the scroll labelled TINIXUD FAWAJ, it crumbles to dust.
It was a scroll of poison.
The gnoll barely misses you. The hobgoblin hits you.
* * * LOW HITPOINT WARNING * * *
Unknown command.
As you read the scroll labelled SANAYSHR SOGO, it crumbles to dust.
It is a scroll of identify.
e - 2 potions of haste The gnoll hits you with a +0 flail.
You die...

...####.##.....#
.#. #...####....
##.## ###.## ##
#....# #..# ##
#...##.# #..#.##
#.§§§#### ######
##§§§§§§###g§§§§#
##.###§§@gg§§§§#
#.# ####gg§§§§#
... .§§§§§§# ##..
###§§§§§# ##.
§§§§§# ## §§§§§§.
.§§§§## .§####


You could see 4 gnolls and a hobgoblin.

Vanquished Creatures
  An adder (D:2)
  2 worms (D:2)
  A dart slug (D:1)
  3 bats
  2 endoplasms (D:1)
  2 giant cockroaches (D:1)
  2 goblins (D:1)
  2 hobgoblins
  A frilled lizard (D:2)
  A kobold (D:1)
  A rat (D:1)
18 creatures vanquished.

Notes
Turn   | Place    | Note
-------+----------+-------------------------------------------
     0 | D:1      | 112233 the Demonspawn Necromancer began the quest for the
                  | Orb.
     0 | D:1      | Reached XP level 1. HP: 13/13 MP: 3/3
   326 | D:1      | Gained mutation: You have large cloven feet. [demonic
                  | ancestry]
   326 | D:1      | Reached XP level 2. HP: 19/19 MP: 1/5
   956 | D:2      | Found a faded altar of an unknown god.
  1202 | D:2      | Gained mutation: A meltable shield of frost defends you.
                  | (SH +4) [demonic ancestry]
  1202 | D:2      | Reached XP level 3. HP: 8/24 MP: 0/7
  1222 | D:2      | Prayed at the altar of an unknown god.
  1222 | D:2      | Became a worshipper of Vehumet
  1222 | D:2      | Reached * piety under Vehumet
  1222 | D:2      | Offered knowledge of Magic Dart by Vehumet.
  1429 | D:2      | Slain by a gnoll

Illustrated notes

Levels and vault maps discovered:
D:1:      lightli_arrival_statuegarden, layout_basic
D:2:      layout_rooms, nicolae_ecumenical_pavilion, dreamdust_wishing_well

Skill      XL: |  1  2  3 |
---------------+----------+-----
Stealth        | 2 |  2.0
Dodging        | 2 |  2.0
Spellcasting   | 3 |  3.0
Necromancy     | |  4.5

Action                     || total
---------------------------++-------
  Melee: Quarterstaff      ||    13
         Kick              ||     2
   Cast: Necrotise         ||    44
    Use: Scroll            ||     3
 Armour: Robe              ||     5
  Dodge: Dodged            ||    15
  Block: Other             ||     1

Table legend: (Time is in decaauts)
 A = Elapsed time spent in this place.
 B = Non-inter-level travel time spent in this place.
 C = Inter-level travel time spent in this place.
 D = Time resting spent in this place.
 E = Time spent auto-exploring this place.
 F = Levels seen in this place.
 G = Mean time per level.
                   A        B        C        D        E       F      G
               +--------+--------+--------+--------+--------+-----+--------+
         Total |   1433 |   1393 |     40 |    144 |   1105 |   2 |  716.5 |
       Dungeon |   1433 |   1393 |     40 |    144 |   1105 |   2 |  716.5 |
               +--------+--------+--------+--------+--------+-----+--------+

Top non-repeatable levels by time:
     D:1: 1104 daAuts
     D:2: 328 daAuts
